 Dungeon Crawl Stone Soup version 0.28-a0-622-gbaef9634d7 (webtiles) character file.

Game seed: 8926926486582149588

170 tilp the Conjurer (level 5, -2/22 HPs)
             Began as a Felid Hedge Wizard on Oct 7, 2021.
             Slain by an ogre (24 damage)
             ... on level 5 of the Dungeon.
             The game lasted 00:08:07 (6264 turns).

tilp the Conjurer (Felid Hedge Wizard)              Turns: 6264, Time: 00:08:07

Health: -2/22      AC:  1    Str:  6    XL:     5   Next: 26%
Magic:  10/10      EV: 18    Int: 16    God:
Gold:   974        SH:  0    Dex: 16    Spells: 3/10 levels left
                                        Lives:  0   Deaths: 1

rFire   . . .      SeeInvis +     - Unarmed
rCold   . . .      Faith    .   (shield unavailable)
rNeg    + . .      Spirit   .   (armour unavailable)
rPois   +          Reflect  .   (helmet unavailable)
rElec   .          Harm     .   (cloak unavailable)
rCorr   .          Rampage  .   (gloves unavailable)
Will    +....                   (boots unavailable)
Stlth   +++.......              e - amulet of regeneration
HPRegen 1.07/turn               n - ring "Wunn" {Drain rPois rN+ Will+}
MPRegen 0.12/turn               (no ring)

@: quick
A: very small, claws 1, fangs 3, see invisible, speed 1, shaggy fur 1, stealthy
paws, no weapons or thrown items, no armour, multi-lived
a: no special abilities


You were on level 5 of the Dungeon.
You visited 1 branch of the dungeon, and saw 5 of its levels.

You collected 974 gold pieces.

Inventory:

Jewellery
 e - an amulet of regeneration (around neck)
 n - the ring "Wunn" (left paw) {Drain rPois rN+ Will+}
   (You acquired it on level 4 of the Dungeon)

   [ring of positive energy]

   rPois:     It protects you from poison.
   rN:        It protects you from negative energy.
   Drain:     It drains your maximum health when unequipped.
   Will:      It increases your willpower.
Scrolls
 f - 3 scrolls of holy word
Potions
 a - 2 potions of resistance
 b - a potion of ambrosia
 c - 2 potions of curing
 h - 2 potions of might
 i - a potion of heal wounds
 j - a potion of magic


   Skills:
 + Level 1.2 Fighting
 + Level 3.4 Dodging
 + Level 3.5 Stealth
 + Level 2.5 Unarmed Combat
 - Level 3.0 Spellcasting
 - Level 4.0 Conjurations
 - Level 1.0 Summonings
 - Level 1.5 Translocations


You had 3 spell levels left.
You knew the following spells:

 Your Spells              Type           Power      Damage    Failure   Level
a - Magic Dart            Conj           60%        1d6       3%          1
b - Call Imp              Summ           5%         N/A       19%         2
c - Blink                 Tloc           N/A        N/A       16%         2
d - Slow                  Hex            2%         N/A       28%         2

Your spell library contained the following spells:

 Spells                   Type           Power      Damage    Failure   Level
 Apportation              Tloc           14%        N/A       10%         1
 Conjure Flame            Conj/Fire      8%         6-21      24%         3
 Mephitic Cloud           Conj/Pois/Air  6%         N/A       32%         3
 Iskenderun's Battlesphe  Conj           15%        2d7       69%         5
 Fireball                 Conj/Fire      4%         3d4       92%         5
 Alistair's Intoxication  Tmut/Pois      1%         N/A       99%         5
 Conjure Ball Lightning   Conj/Air       4%         3x3d6     100%        6
 Invisibility             Hex            1%         N/A       100%        6
 Orb of Destruction       Conj           7%         9d3       100%        7


Dungeon Overview and Level Annotations

Branches:
Dungeon (5/15)
 Temple: D:4-7

Altars:
Nemelex Xobeh
Trog


Innate Abilities, Weirdness & Mutations

You have sharp claws.
You have razor-sharp teeth.
You have supernaturally acute eyesight. (SInv)
You cover ground quickly. (Speed+)
You are covered in fur. (AC +1)
Your paws help you pounce on unaware monsters.
You are incapable of wielding weapons or throwing items.
You cannot wear armour.
You gain extra lives every three experience levels.


Message History

Your crimson imp hits the orc priest but does no damage.
You scratch the orc priest but do no damage.
The orc priest is almost dead.
The orc priest mumbles some strange prayers to Beogh against you.
You easily resist.
Your crimson imp hits the orc priest but does no damage.
You scratch the orc priest but do no damage.
The orc priest is almost dead.
The orc priest completely misses you.
The orc priest hits your crimson imp but does no damage.
Your crimson imp hits the orc priest but does no damage.
Casting: Magic Dart (safe; 3% risk of failure)
Confirm with . or Enter, or press ? or * to list all spells.
Aiming: Magic Dart (safe; 3% risk of failure)
Press: ? - help, Shift-Dir - straight line, f/p - orc priest
Aim: an orc priest, wielding a +0 hand axe and wearing a +0 chain mail (almost dead, ally target, 100% to hit)
The magic dart hits the orc priest but does no damage.
The orc priest is almost dead.
The orc priest hits you with a +0 hand axe.
* * * LOW HITPOINT WARNING * * *
The orc priest hits your crimson imp but does no damage.
Your crimson imp completely misses the orc priest.
You scratch the orc priest.
You kill the orc priest!
Things that are here:
a +0 hand axe; a +0 chain mail; an orc corpse You start resting.
Your crimson imp blinks!
Your crimson imp disappears in a puff of smoke!
HP restored.
You start resting.
Magic restored.
(D) Dungeon
Where to? (Enter - D:4 @ (x,y), ? - help)
There is a stone staircase leading down here.
You climb downwards.
The hound barks!
The ogre shouts!
You hear a shout!
The ogre hits you with a +0 giant club!!
Ouch! That really hurt!
You die...

. #. ## .. ##.
h## .. .. #. .#
#.##.#O######
#....@.......
.........######
######.### #.
#. #. .. .#


You could see an ogre and a hound.

Vanquished Creatures
  2 orc priests
  A hound skeleton (D:2)
  A gnoll (D:5)
  6 adders
  A worm (D:2)
  3 dart slugs
  10 orcs
  10 ball pythons
  9 endoplasms
  2 giant cockroaches
  7 goblins
  7 hobgoblins
  3 jackals (D:2)
  4 quokkas
  4 frilled lizards
  8 kobolds
  3 rats
81 creatures vanquished.

Vanquished Creatures (collateral kills)
  Terence (D:2)
  A frilled lizard (D:2)
2 creatures vanquished.

Grand Total: 83 creatures vanquished

Notes
Turn   | Place    | Note
-------+----------+-------------------------------------------
     0 | D:1      | tilp the Felid Hedge Wizard began the quest for the Orb.
     0 | D:1      | Reached XP level 1. HP: 7/7 MP: 5/5
    44 | D:1      | Reached skill level 1 in Conjurations
   228 | D:1      | Reached XP level 2. HP: 9/11 MP: 7/7
   291 | D:1      | Reached skill level 2 in Conjurations
  1676 | D:1      | Reached XP level 3. HP: 14/14 MP: 5/8
  1683 | D:1      | Learned a level 2 spell: Call Imp
  1686 | D:1      | Learned a level 2 spell: Blink
  1689 | D:1      | Learned a level 2 spell: Slow
  1744 | D:1      | Identified a scroll of acquirement
  1744 | D:1      | Acquired a book of the Spheres
  1862 | D:2      | Found a faded altar of an unknown god.
  2150 | D:2      | Reached skill level 3 in Conjurations
  2237 | D:2      | Noticed Terence
  2251 | D:2      | Killed Terence
  2252 | D:2      | Reached XP level 4. HP: 6/18 MP: 1/9
  2986 | D:2      | Reached skill level 4 in Conjurations
  3769 | D:3      | Reached skill level 1 in Unarmed Combat
  4187 | D:3      | Reached XP level 5. HP: 16/21 MP: 3/10
  5183 | D:3      | Killed from afar by an orc priest
  5184 | D:3      | Reached XP level 4. HP: -6/18 MP: 0/9
  5564 | D:4      | Found a sparkling altar of Nemelex Xobeh.
  5743 | D:4      | Found a bloodstained altar of Trog.
  5807 | D:4      | Acquired the ring "Wunn" {Drain rPois rN+ Will+}
  5853 | D:5      | Entered Level 5 of the Dungeon
  5890 | D:5      | Reached skill level 1 in Fighting
  5907 | D:4      | Acquired 858 gold pieces
  6001 | D:5      | Reached XP level 5. HP: 22/22 MP: 2/10
  6084 | D:5      | Noticed a hornet
  6264 | D:5      | Noticed an ogre
  6264 | D:5      | Slain by an ogre

Illustrated notes

Levels and vault maps discovered:
D:1:      minmay_arrival_doors, layout_basic
D:2:      layout_basic, basic_ecumenical_altar, minmay_misc_feat_doors,
          minivault_25, minmay_pentomino_pile, uniq_terence
D:3:      layout_basic
D:4:      layout_basic, mainiacjoe_overflow_alcove_4, nemelex_dance_club_becter
D:5:      layout_loops_ring, minmay_temple_entry_fiery, guppyfry_early_lair_pool

Skill      XL: |  1  2  3  4  5 |
---------------+----------------+-----
Conjurations   | 1 2 3 4 |  4.0
Unarmed Combat | 2 |  2.5
Stealth        | 3 |  3.5
Dodging        | 3 |  3.4
Fighting       | 1 |  1.2
Spellcasting   | |  3.0
Summonings     | |  1.0
Translocations | |  1.5

Action                   |  1- 3 |  4- 6 || total
-------------------------+-------+-------++-------
Melee: Unarmed           |    19 |    41 ||    60
       Bite              |     2 |     2 ||     4
 Cast: Magic Dart        |    87 |   171 ||   258
       Call Imp          |     2 |     7 ||     9
  Use: Scroll            |     2 |    15 ||    17
Armor: Skin              |     4 |     3 ||     7
Dodge: Dodged            |    26 |    60 ||    86

Table legend: (Time is in decaauts)
 A = Elapsed time spent in this place.
 B = Non-inter-level travel time spent in this place.
 C = Inter-level travel time spent in this place.
 D = Time resting spent in this place.
 E = Time spent auto-exploring this place.
 F = Levels seen in this place.
 G = Mean time per level.
                   A        B        C        D        E       F      G
               +--------+--------+--------+--------+--------+-----+--------+
         Total |   5664 |   5348 |    316 |    693 |   3988 |   5 | 1132.8 |
       Dungeon |   5664 |   5348 |    316 |    693 |   3988 |   5 | 1132.8 |
               +--------+--------+--------+--------+--------+-----+--------+

Top non-repeatable levels by time:
     D:1: 1693 daAuts
     D:2: 1547 daAuts
     D:3: 1192 daAuts
     D:4: 1063 daAuts
     D:5: 167 daAuts
